 Dungeon Crawl Stone Soup version 0.23-a0-395-gcf17ac6c65 (webtiles) character file.

48 Notair the Chopper (level 3, -9/31 HPs)
             Began as a Minotaur Gladiator on Nov 2, 2018.
             Mangled by an ogre
             ... wielding a +0 giant club
              (26 damage)
             ... on level 2 of the Dungeon.
             The game lasted 00:01:57 (1155 turns).

Notair the Chopper (Minotaur Gladiator)             Turns: 1155, Time: 00:01:58

Health: -9/31      AC:  3    Str: 19    XL:     3   Next: 50%
Magic:  2/2        EV: 12    Int:  5    God:
Gold:   92         SH:  0    Dex: 11    Spells: 2/2 levels left

rFire    . . .     SeeInvis .   a - +0 war axe
rCold    . . .     Gourm    .   (no shield)
rNeg     . . .     Faith    .   b - +0 leather armour
rPois    .         Spirit   .   c - +0 hat
rElec    .         Reflect  .   (no cloak)
rCorr    .         Harm     .   (no gloves)
MR       .....                  (no boots)
Stlth    +.........             (no amulet)
HPRegen  0.10/turn              (no ring)
MPRegen  0.08/turn              (no ring)

@: no status effects
A: retaliatory headbutt, horns 2
a: no special abilities


You were on level 2 of the Dungeon.
You were not hungry.

You visited 1 branch of the dungeon, and saw 2 of its levels.

You collected 92 gold pieces.

Inventory:

Hand Weapons
 a - a +0 war axe (weapon)
 s - a +0 hunting sling
Missiles
 d - 2 throwing nets
 i - 33 stones (quivered)
 m - 15 sling bullets
 r - 6 poisoned needles
Armour
 b - a +0 leather armour (worn)
 c - a +0 hat (worn)
 o - a +2 pair of gloves
Scrolls
 e - 2 scrolls of identify {unknown}
 h - 2 scrolls of remove curse {unknown}
 l - a scroll of teleportation {unknown}
 t - a scroll of enchant weapon {unknown}
Potions
 g - 2 potions of haste {unknown}
 j - 3 potions of agility {unknown}
 k - a potion of brilliance {unknown}
 n - a potion of lignification {unknown}
 q - a potion of resistance {unknown}
Comestibles
 f - 6 rations


   Skills:
 + Level 3.3 Fighting
 * Level 5.0 Axes
 - Level 2.0 Throwing
 - Level 3.2 Dodging


You had 2 spell levels left.
You didn't know any spells.
Your spell library was empty.

Dungeon Overview and Level Annotations

Branches:
Dungeon (2/15)

Altars:
Trog
The Shining One


Innate Abilities, Weirdness & Mutations

You reflexively headbutt those who attack you in melee.
You have a pair of horns on your head.


Message History

You kill the frilled lizard!
Your Axes skill increases to level 5!
You miss the leopard gecko. The leopard gecko closely misses you.
You furiously retaliate!
You headbutt the leopard gecko, but do no damage.
The ogre barely misses you. The leopard gecko misses you.
The leopard gecko bites you. The leopard gecko bites you.
You hit the leopard gecko. You headbutt the leopard gecko.
You kill the leopard gecko!
The ogre barely misses you.
You see here a leopard gecko corpse.
You hit the ogre. Your headbutt misses the ogre.
The ogre is lightly wounded.
The ogre closely misses you.
You hit the ogre. You headbutt the ogre.
The ogre is moderately wounded.
The ogre hits you with a +0 giant club!!
Ouch! That really hurt!
You die...

#.####.###.#......
#.# #.# #.#....#.
#.# #.# .#.##.##
#.# #.. ... #..#
#.# ##. ##.. ##.#
#.# . #.. #.# #.#
... #.. #.# ##..
#.. #@# #.. #O#
#.. ####.### #...
##.....)# ##..
#.......# #..
#(.......# #..
#........# #..
#........โ‰ˆ#
#........โ‰ˆโ‰ˆยง


You could see an ogre.

Vanquished Creatures
  A gnoll (D:1)
  An adder (D:2)
  An ooze (D:2)
  A dart slug (D:2)
  A leopard gecko (D:2)
  2 giant cockroaches
  4 goblins
  A hobgoblin (D:1)
  2 kobolds (D:1)
  5 bats
  A frilled lizard (D:2)
  2 rats
22 creatures vanquished.

Notes
Turn   | Place    | Note
-------+----------+-------------------------------------------
     0 | D:1      | Notair the Minotaur Gladiator began the quest for the Orb.
     0 | D:1      | Reached XP level 1. HP: 18/18 MP: 0/0
   304 | D:1      | Reached skill level 4 in Axes
   304 | D:1      | Reached XP level 2. HP: 25/25 MP: 1/1
   844 | D:2      | Reached XP level 3. HP: 23/31 MP: 2/2
   983 | D:2      | Found a bloodstained altar of Trog.
  1057 | D:2      | Found a glowing golden altar of the Shining One.
  1141 | D:2      | Noticed an ogre
  1146 | D:2      | Reached skill level 5 in Axes
  1155 | D:2      | Mangled by an ogre

Vault maps used:
D:1:      dpeg_arrival_arbitrary_b
D:2:      lightli_temple_of_fire, tso_metal_star, bloody_trog

Skill      XL: |  1  2  3 |
---------------+----------+-----
Axes           | 4 5 |  5.0
Fighting       | 3 |  3.3
Throwing       | |  2.0
Dodging        | |  3.2

Action                   || total
-------------------------++-------
Melee: War axe           ||    42
       Headbutt          ||     7
Throw: Stone             ||     5
       Throwing net      ||     3
  Eat: Chunk             ||     1
Armor: Leather armour    ||    15
Dodge: Dodged            ||    22

Table legend:
 A = Non-vault XP
 B = Vault XP
 C = Vault XP percentage of total XP
 D = Non-vault monster count
 E = Vault monster count
 F = Vault count percentage of total count
                 A         B        C        D         E       F
            +---------+---------+-------+---------+---------+-------
      Total |      69 |       0 |   0.0 |      22 |       0 |   0.0
            +---------+---------+-------+---------+---------+-------
        D:1 |      29 |       0 |   0.0 |      10 |       0 |   0.0
        D:2 |      40 |       0 |   0.0 |      12 |       0 |   0.0
            +---------+---------+-------+---------+---------+-------
